 Dungeon Crawl Stone Soup version 0.25-a0-1079-g858b6a6ff6 (webtiles) character file.

Game seed: 10389366211699651641, levelgen mode: deterministic

543756 zeramoth the Slayer (level 24, -6/373 HPs)
             Began as a Deep Dwarf Fighter on May 15, 2020.
             Was the Champion of Makhleb.
             Mangled by a red draconian
             ... wielding a +0 glaive
              (16 damage)
             ... on level 5 of the Depths on May 16, 2020.
             The game lasted 04:50:37 (53834 turns).

zeramoth the Slayer (Deep Dwarf Fighter)           Turns: 53834, Time: 04:50:38

Health: -6/373     AC: 32    Str: 24    XL:     24   Next: 82%
Magic:  22/22 (13) EV: -1    Int: 13    God:    Makhleb [******]
Gold:   2161       SH: 14    Dex: 13    Spells: 35/35 levels left

rFire    + + .     SeeInvis .   U - +9 demon trident (flame)
rCold    + + .     Gourm    .   h - +0 kite shield {reflect}
rNeg     + + +     Faith    .   (armour currently unavailable)
rPois    +         Spirit   .   (helmet currently unavailable)
rElec    +         Reflect  +   (cloak currently unavailable)
rCorr    .         Harm     .   (gloves currently unavailable)
MR       +++++     NoTele   +   (boots currently unavailable)
Stlth    ++........             A - amulet of the acrobat
HPRegen  0.00/turn              M - ring "Nosyorchika" {rElec rPois rF+ rN+++ Str-3}
MPRegen  0.18/turn              F - ring of Perfectionism {rF+ rC++ MR+ MP+9}

@: mighty, tree-form, non-regenerating, constricted
A: damage resistance, heal wounds, blurry vision 1, low mp 1, magic resistance
1, negative energy resistance 1, sense surroundings 3, no regeneration
}: 3/15 runes: serpentine, barnacled, silver
a: Heal Wounds, Minor Destruction, Lesser Servant of Makhleb, Major Destruction,
Greater Servant of Makhleb, Renounce Religion


You were on level 5 of the Depths.
You worshipped Makhleb.
Makhleb was exalted by your worship.
You were hungry.
You were a tree.
You visited 10 branches of the dungeon, and saw 46 of its levels.

You collected 7740 gold pieces.
You spent 5579 gold pieces at shops.


Innate Abilities, Weirdness & Mutations

You are resistant to damage.
You can heal yourself by infusing magical energy.
You resist negative energy. (rN+)
You passively map a large area around you.
You do not regenerate.
((You have a pair of small horns on your head.))
((You are partially covered in icy blue scales. (AC +2)))
Scrolls take you a little longer to read.
Your magical capacity is low. (-10% MP)
You are resistant to hostile enchantments. (MR+)


   Skills:
 - Level 21.0 Fighting
   Level 16.0(18.2) Axes
 + Level 13.1(15.4) Polearms
 - Level 18.6 Armour
 - Level 16.0 Dodging
 - Level 1.5 Stealth
 - Level 15.0 Shields
 - Level 6.0 Spellcasting
 - Level 18.0 Invocations
 - Level 18.0 Evocations


You had 35 spell levels left.
You didn't know any spells.
Your spell library contained the following spells:

 Spells                   Type           Power        Failure   Level  Hunger
 Beastly Appendage        Tmut           #.....       17%         1    None
 Corona                   Hex            #......      17%         1    None
 Foxfire                  Conj/Fire      #...         17%         1    None
 Freeze                   Ice            #...         17%         1    None
 Shock                    Conj/Air       #...         17%         1    None
 Summon Butterflies       Summ           #.......     17%         1    None
 Summon Small Mammal      Summ           #...         17%         1    None
 Call Imp                 Summ           #.......     26%         2    ##.....
 Ensorcelled Hibernation  Hex/Ice        #.....       26%         2    ##.....
 Passwall                 Tmut/Erth      #.......     26%         2    ##.....
 Sticks to Snakes         Tmut           #.......     26%         2    ##.....
 Swiftness                Chrm/Air       #.......     26%         2    ##.....
 Call Canine Familiar     Summ           #.......     45%         3    ###....
 Confusing Touch          Hex            #.......     45%         3    ###....
 Conjure Flame            Conj/Fire      #.......     45%         3    ###....
 Dazzling Flash           Conj/Hex       #.....       45%         3    ###....
 Frozen Ramparts          Ice            #.....       45%         3    ###....
 Gell's Gravitas          Tloc           #.........   45%         3    ###....
 Inner Flame              Hex/Fire       #.......     45%         3    ###....
 Mephitic Cloud           Conj/Pois/Air  #.......     45%         3    ###....
 Ozocubu's Armour         Chrm/Ice       #.......     45%         3    ###....
 Spider Form              Tmut/Pois      #.........   45%         3    ###....
 Static Discharge         Conj/Air       #.......     45%         3    ###....
 Summon Guardian Golem    Hex/Summ       #.......     45%         3    ###....
 Tukima's Dance           Hex            #.......     45%         3    ###....
 Airstrike                Air            #.........   86%         4    ####...
 Cause Fear               Hex            #.........   86%         4    ####...
 Hailstorm                Conj/Ice       #.......     86%         4    ####...
 Ice Form                 Ice/Tmut       #.......     86%         4    ####...
 Passage of Golubria      Tloc           N/A          86%         4    ####...
 Petrify                  Tmut/Erth      #.......     86%         4    ####...
 Sticky Flame             Conj/Fire      #.......     86%         4    ####...
 Summon Ice Beast         Ice/Summ       #.......     86%         4    ####...
 Summon Lightning Spire   Summ/Air       #.......     86%         4    ####...
 Alistair's Intoxication  Tmut/Pois      #.......     99%         5    ######.
 Blade Hands              Tmut           #.........   99%         5    ######.
 Bolt of Magma            Conj/Fire/Erth #.........   99%         5    ######.
 Fireball                 Conj/Fire      #.........   99%         5    ######.
 Iskenderun's Battlesphe  Conj/Chrm      #.......     99%         5    ######.
 Lee's Rapid Deconstruct  Erth           #.........   99%         5    ######.
 Lightning Bolt           Conj/Air       #.........   99%         5    ######.
 Metabolic Englaciation   Hex/Ice        #.........   99%         5    ######.
 Silence                  Hex/Air        #.........   99%         5    ######.
 Summon Demon             Summ           #.........   99%         5    ######.
 Summon Forest            Summ/Tloc      #.........   99%         5    ######.
 Summon Mana Viper        Hex/Summ       #.......     99%         5    ######.
 Yara's Violent Unravell  Hex/Tmut       #.........   99%         5    ######.
 Conjure Ball Lightning   Conj/Air       #.........   100%        6    #######
 Darkness                 Hex            #.........   100%        6    #######
 Invisibility             Hex            #.......     100%        6    #######
 Iron Shot                Conj/Erth      #.........   100%        6    #######
 Dragon Form              Tmut           #.........   100%        7    #######
 Malign Gateway           Summ/Tloc      #.........   100%        7    #######
 Monstrous Menagerie      Summ           #.........   100%        7    #######
 Orb of Destruction       Conj           #.........   100%        7    #######
 Spellforged Servitor     Conj/Summ      #.........   100%        7    #######
 Summon Greater Demon     Summ           #.........   100%        7    #######
 Summon Hydra             Summ           #.........   100%        7    #######
 Ignition                 Fire           #.........   100%        8    #######
 Summon Horrible Things   Summ           #.........   100%        8    #######
 Dragon's Call            Summ           #.........   100%        9    #######
 Shatter                  Erth           #.........   100%        9    #######
 Tornado                  Air            #.........   100%        9    #######

Inventory:

Hand Weapons
 U - a +9 demon trident of flaming (weapon)
Missiles
 Q - 86 poisoned darts (quivered)
Armour
 h - a +0 kite shield of reflection (worn)
 n - a scarf of repulsion
 s - a +9 plate armour
 z - the +2 cloak of Utean (melded) {rPois Dex+6}
   (You bought it in a shop on level 4 of the Dungeon)

   It affects your dexterity (+6).
   It protects you from poison.
 C - +2 gold dragon scales (melded)
 I - a +0 pair of gloves (melded)
Magical Staves
 J - an uncursed staff of cold {!a, unknown}
Jewellery
 A - an amulet of the acrobat (around neck)
 F - the ring of Perfectionism (right branch) {rF+ rC++ MR+ MP+9}
   (You bought it in a shop on level 5 of the Vaults)

   [ring of protection from magic]

   It protects you from fire.
   It greatly protects you from cold.
   It affects your resistance to hostile enchantments.
   It affects your magic capacity (+9).
 M - the ring "Nosyorchika" (left branch) {rElec rPois rF+ rN+++ Str-3}
   (You bought it in a shop on level 5 of the Vaults)

   [ring of protection from fire]

   It affects your strength (-3).
   It protects you from fire.
   It insulates you from electricity.
   It protects you from poison.
   It renders you almost immune to negative energy.
 Y - a +4 ring of slaying
Wands
 c - a wand of paralysis (16)
 p - a wand of clouds (9)
 r - a wand of iceblast (26)
 G - a wand of enslavement (36)
 H - a wand of acid (26)
 R - a wand of polymorph (23)
 S - a wand of disintegration (31)
 X - a wand of digging (20)
Scrolls
 i - 7 scrolls of identify {@ri}
 j - a scroll of brand weapon
 k - a scroll of fog
 q - 11 scrolls of teleportation {@r4}
 t - 17 scrolls of remove curse {@r2}
 w - 5 scrolls of enchant weapon
 y - 6 scrolls of magic mapping
 B - 4 scrolls of summoning
 D - 2 scrolls of blinking
 K - 7 scrolls of immolation {!r}
 L - 4 scrolls of holy word
 P - a scroll of amnesia
 Z - 4 scrolls of fear
Potions
 b - 6 potions of lignification {!q}
 d - 2 potions of might
 e - 4 potions of invisibility
 g - 10 potions of heal wounds {@q2}
 m - 7 potions of flight
 o - a potion of berserk rage {!q}
 u - 15 potions of curing {@q1}
 v - 3 potions of resistance
 x - 4 potions of cancellation
 N - 3 potions of haste {@q3}
 V - 12 potions of mutation {!q}
 W - 2 potions of brilliance
Miscellaneous
 a - a lightning rod (4/4)
 l - a tin of tremorstones (3/3)
 E - 4 phantom mirrors
 O - a phial of floods
 T - 8 boxes of beasts
Comestibles
 f - 62 rations {@e1}

Dungeon Overview and Level Annotations

Branches:
Dungeon (15/15)            Temple (0/1) D:4            Lair (6/6) D:10
 Shoals (4/4) Lair:2        Snake (4/4) Lair:2        Slime (1/5) Lair:5
    Orc (2/2) D:12            Elf (3/3) Orc:2        Vaults (5/5) D:13
  Crypt (0/3) Vaults:3     Depths (5/5) D:15            Zot (1/5) Depths:5

Altars:
Ashenzari
Dithmenos
Fedhas
Gozag
Kikubaaqudgha
Makhleb
Nemelex Xobeh
Okawaru
Qazlal
Vehumet
Wu Jian
Zin
Beogh

Shops:
D:4 [   D:6 *   D:15 ?   Orc:2 %(}%(   Elf:2 !   Elf:3 }   Shoals:2 %
Snake:4 [   Vaults:2 (   Vaults:5 :=[   Depths:1 :   Depths:4 [***

Portals:
Hell: Depths:1 Depths:2 Depths:3 Depths:4 Depths:5
Abyss: Depths:4 Depths:5
Pandemonium: Depths:3 Depths:4
Ziggurat: Depths:5

Annotations:
D:3 exclusion: downstairs
Elf:2 5 runed translucent doors
Vaults:1 3 runed translucent doors, Rov Woulue's ghost, adept MfTm
Vaults:3 3 runed translucent doors

............#...8......#.)#......
.......##.##.▒.......##.##.......
▒▒....#..#..▒.......#..#.........
..▒......#..▒..▒▒▒▒▒▒..#∩..#.....
..▒.).....#▒▒.▒▒....▒▒▒.#........
.▒.........▒..▒........▒.........
.▒.........▒..▒'▒▒▒▒▒......##....
▒..........▒..▒Dd.'.▒▒...........
▒.......8..▒..▒D♣X▒..▒..8........
...........▒▒.'dD.▒..▒...........
............▒▒▒▒▒'▒..▒..)...#.###
........(▒........▒..▒......#####
........#)▒▒▒....▒▒)▒▒#..(....##.
...(.....#..▒▒▒▒▒▒..▒..#:........
##.......#(.#.......▒..#..#......
###....##.##.......▒.##.##.......
# ###.#..#......⌠...#..#.........


You could see a shadow dragon (berserk), a tentacled monstrosity, 2 storm
dragons, a yellow draconian (catching breath) and a red draconian (berserk).


Message History

* * * LOW HITPOINT WARNING * * *
The shadow dragon barely misses you. The red draconian misses you.
The storm dragon bites you!!
* * * LOW HITPOINT WARNING * * *
The storm dragon barely misses you. You block the storm dragon's attack.
Something hits you!
* * * LOW HITPOINT WARNING * * *
Deactivating autopickup; reactivate with Ctrl-A.
The tentacled monstrosity tentacle-slaps you.
The tentacled monstrosity tentacle-slaps you but does no damage. x2
The tentacled monstrosity grabs you.
The tentacled monstrosity constricts you.
The yellow draconian misses you. You block the storm dragon's attack.
The storm dragon claws you but does no damage.
The storm dragon tramples you.
* * * LOW HITPOINT WARNING * * *
You hold your ground!
The shadow dragon misses you. The shadow dragon barely misses you.
The shadow dragon claws you!
* * * LOW HITPOINT WARNING * * *
Okay, then.
Really quaff
b - 7 potions of lignification {!q}?
Really quaff the potion of lignification?
You turn into a tree.
The +2 cloak of Utean {rPois Dex+6} melds into your body.
Your +0 pair of gloves melds into your body.
Your +2 gold dragon scales melds into your body.
Your roots penetrate the ground.
You block the storm dragon's attack. x2
The storm dragon tramples you but does no damage.
The red draconian hits you with a +0 glaive!!
You die...

Skill      XL: |  1  2  3  4  5  6  7  8  9 10 11 12 13 14 15 16 17 18 19 20 21 22 23 24 |
---------------+-------------------------------------------------------------------------+-----
Fighting       | 3 4 5 9 11 12 13 15 17 19 20 21 | 21.0
Axes           | 3 4 5 6 8 9 10 14 15 16 | 16.0
Shields        | 4 5 6 7 8 11 12 15 | 15.0
Armour         | 4 5 6 7 8 11 12 13 15 17 18 | 18.6
Spellcasting   | 3 6 |  6.0
Dodging        | 5 8 10 12 13 16 | 16.0
Evocations     | 3 7 10 12 18 | 18.0
Invocations    | 6 10 12 16 18 | 18.0
Polearms       | 8 11 13 | 13.1
Stealth        | 1 |  1.5

Action                   |  1- 3 |  4- 6 |  7- 9 | 10-12 | 13-15 | 16-18 | 19-21 | 22-24 || total
-------------------------+-------+-------+-------+-------+-------+-------+-------+-------++-------
Melee: War axe           |    56 |   212 |   485 |  1100 |  1439 |       |       |       ||  3292
       Demon trident     |       |       |       |       |   386 |  1977 |  1758 |  2076 ||  6197
       Headbutt          |       |       |       |       |       |       |   550 |   597 ||  1147
Throw: Stone             |    30 |    75 |    74 |     3 |       |       |       |       ||   182
       Boomerang         |       |    12 |       |       |       |       |       |       ||    12
       Dart              |       |       |     1 |     1 |       |    12 |       |       ||    14
Invok: Lesser Servant of |       |       |       |     1 |     6 |    27 |     8 |     5 ||    47
       Major Destruction |       |       |       |       |    18 |       |     2 |     4 ||    24
       Minor Destruction |       |       |       |       |    24 |   112 |     4 |     3 ||   143
       Greater Servant o |       |       |       |       |     7 |     4 |     7 |     7 ||    25
 Abil: Heal Wounds       |       |     1 |     7 |     6 |    23 |    23 |     7 |    27 ||    94
Evoke: Wand              |       |     2 |       |    19 |    17 |     5 |     1 |    23 ||    67
       Box of beasts     |       |       |       |     2 |       |       |       |     1 ||     3
  Use: Scroll            |       |     4 |     1 |    10 |    34 |    13 |     9 |    18 ||    89
       Potion            |       |       |     1 |     1 |     2 |     1 |       |     2 ||     7
 Stab: Paralysed         |       |       |       |       |     2 |       |       |       ||     2
       Petrifying        |       |       |       |       |     2 |       |       |       ||     2
       Distracted        |       |       |       |       |     1 |     2 |     1 |     6 ||    10
       Petrified         |       |       |       |       |       |     9 |       |       ||     9
  Eat: Chunk             |       |    10 |    11 |    19 |    32 |    38 |    23 |    26 ||   159
       Ration            |       |       |       |     1 |     1 |     1 |     1 |     3 ||     7
Armor: Scale mail        |    16 |    66 |   170 |    60 |       |       |       |       ||   312
       Chain mail        |       |       |       |   411 |   676 |   290 |   109 |       ||  1486
       Ring mail         |       |       |       |     2 |       |       |       |       ||     2
       Plate armour      |       |       |       |       |       |       |   175 |   424 ||   599
       Gold dragon scale |       |       |       |       |       |       |       |   288 ||   288
       Skin              |       |       |       |       |       |       |       |     1 ||     1
Dodge: Dodged            |    21 |    58 |   162 |   452 |   726 |   392 |   309 |   731 ||  2851
Block: Kite shield       |    24 |    99 |   240 |   629 |   923 |   225 |       |   796 ||  2936
       Tower shield      |       |       |       |       |       |   918 |  1601 |   364 ||  2883
       Reflection        |       |       |       |       |       |     7 |   161 |    74 ||   242

Levels and vault maps discovered:
D:1:      dpeg_arrival_rhombi, layout_loops_ring
D:2:      layout_loops_cross, nicolae_overflow_hidden_temple, first_ration,
          kennysheep_potato
D:3:      layout_loops_ring, okawaru_metal_pillars_1_2,
          kennysheep_generic_room_8
D:4:      layout_loops_ring, kennysheep_mini_moat,
          minmay_temple_entry_enclosed_plants, serial_shops, shop,
          hangedman_abyss_or_decor_lesser_grid, grunt_gozag_statues,
          uniq_menkaure
D:5:      layout_loops_corners
D:6:      layout_loops_ring, vehumet_altar_wand_db,
          ashenzari_conservatory_becter, serial_shops, shop,
          minmay_misc_feat_nine_boxes, bloody_makhleb
D:7:      layout_gridville, uniq_prince_ribbit1
D:8:      layout_cave_pools, old_standard_altar,
          chequers_temple_overflow_minitemple
D:9:      layout_rooms, hangedman_pestilent_swarm, uniq_grum, uniq_maggie,
          uniq_joseph
D:10:     layout_rooms, minmay_lair_entry_grove, serial_bayou_ford_a
D:11:     layout_long_grid, uniq_harold
D:12:     layout_roguey, david_orc_3
D:13:     minmay_guarded_unrand_sword_of_power, layout_basic, david_vaults_4,
          ebering_ghost_disaster_area
D:14:     layout_roguey, kennysheep_flooded_box
D:15:     grunt_enter_depths_snipers, layout_basic, evilmike_ruin_ashenzari,
          serial_shops, shop, uniq_jorgrun
Lair:1:   layout_gridlike
Lair:2:   dpeg_oklob_shooting_range, layout_gridlike, minmay_shoals_entry_hut,
          dummy_snake_entry, hangedman_lair_generics_rect,
          infiniplex_staircase_pool, serial_bayou_shore_a
Lair:3:   layout_small_grid, chequers_serial_rivers_micro_e
Lair:4:   layout_small_grid
Lair:5:   layout_long_grid, nicolae_slime_entry_slimehenge
Lair:6:   minmay_lair_end_frog_pond, layout_regular_city
Shoals:1: layout_shoals
Shoals:2: layout_shoals, serial_shops, nicolae_shop_waterfront, uniq_ilsuiw,
          uniq_polyphemus, uniq_kirke
Shoals:3: layout_shoals
Shoals:4: shoals_end_grunt_garden, layout_shoals, uniq_louise
Snake:1:  layout_chambers
Snake:2:  layout_cave_town, st_stairs_11
Snake:3:  layout_concentric_octagons, uniq_donald, uniq_aizul
Snake:4:  minmay_snake_end_coiled, layout_cave_town, serial_shops,
          nicolae_shop_stone
Slime:1:  layout_caves, cheibrodos_slime_lost_civilization_6
Orc:1:    layout_diamond_mine, nicolae_orc_stony_grotto
Orc:2:    st_orc_ogre_mass, layout_diamond_mine, serial_shops, shop,
          minmay_orc_temple_c
Elf:1:    hangedman_staggered_hall, layout_loops_corners, basic_altar,
          minmay_elf_sorcery, grunt_ministairs_8, uniq_agnes
Elf:2:    layout_geoelf_octagon, serial_shops, shop
Elf:3:    minmay_elf_hall, layout_rooms, serial_shops, shop
Vaults:1: gammafunk_vaults_ghost_necromancy, vaults_mumra_bighexcomb,
          nicolae_vaults_alarming, vaults_mumra_chevron, vaults_room_pools,
          hangedman_vaults_pinch, vaults_dpeg_spiral,
          nicolae_vaults_diagonal_hallway_7, hangedman_vaults_corner,
          layout_vaults_omnigrid
Vaults:2: vaults_dpeg_doors, nicolae_vaults_quartermaster,
          vaults_room_large_hall, v_misc_32, vaults_standard_mumra_x,
          vaults_room_grid, vaults_mumra_lcd, nicolae_vaults_asterisk,
          v_misc_30, dpeg_vaults_monster_box, ontoclasm_vaults_ring_small,
          ontoclasm_vaults_shuriken, ontoclasm_vaults_eye,
          nicolae_vaults_shelves_hall, vaults_room_grunt_arrival_ludios,
          layout_vaults_omnibox, serial_shops, shop
Vaults:3: ploomutoo_gammafunk_vaults_ghost_potion_laboratory,
          nicolae_vaults_border_crossing, nicolae_vaults_theta,
          st_greater_box_3, ontoclasm_vaults_gateway, vaults_room_corners,
          vaults_room_door_hall, layout_vaults_chaotic_city, dummy_crypt_entry,
          uniq_margery
Vaults:4: ontoclasm_vaults_shout, hangedman_vaults_impose,
          hangedman_vaults_snaps, nicolae_vaults_circle_grid_b,
          vaults_room_stairs_pillars, ontoclasm_vaults_pinch, vaults_room_fours,
          v_misc_23, layout_vaults_omnicross
Vaults:5
Depths:1: layout_honeycomb, abandoned_shop, hangedman_geh_valley,
          nicolae_rare_books, due_unseen_surprise, hangedman_decor_cross_pass
Depths:2: kennysheep_scales, layout_cave_shapes, pf_hell_entry_tar_spiral,
          nicolae_benzene_ring, serial_bayou_shore_b, uniq_bai_suzhen
Depths:3: minmay_two_paths, layout_gridlike, grunt_pan_entry_zigzag, hell_entry,
          serial_corexii_hall, corexii_hall_statues_l,
          chequers_hall_statues_wall_a, uniq_mara, uniq_mennas
Depths:4: cross_vault, layout_gridlike, pan_entry,
          nemelex_xobeh_ov_fountains_minmay, abyss_entry_small_statue_room,
          grunt_hell_entry_dis_grunt, infiniplex_staircase_zigzag_4,
          minmay_shoptagon
Depths:5: grunt_twist_and_shout, layout_cave_pools, enter_ziggurat_c,
          hangedman_coc_ice_floe, serial_sigils_hangedman_clutch, abyss_entry
Zot:1:    nicolae_moth_party, layout_onion

Notes
Turn   | Place    | Note
-------+----------+-------------------------------------------
     0 | D:1      | zeramoth the Deep Dwarf Fighter began the quest for the
                  | Orb.
     0 | D:1      | Reached XP level 1. HP: 20/20 MP: 1/1
   221 | D:1      | Reached XP level 2. HP: 24/27 MP: 2/2
   895 | D:2      | Noticed a howler monkey
   909 | D:2      | Killed a howler monkey
   909 | D:2      | Reached skill level 3 in Fighting
   909 | D:2      | Reached skill level 3 in Axes
   909 | D:2      | Reached XP level 3. HP: 26/34 MP: 3/3
   934 | D:2      | Reached XP level 4. HP: 30/42 MP: 4/4
  1708 | D:2      | Reached skill level 4 in Shields
  1872 | D:3      | Reached skill level 4 in Armour
  1874 | D:3      | Reached skill level 4 in Axes
  1874 | D:3      | Reached XP level 5. HP: 27/49 MP: 5/5
  1975 | D:2      | Found a burning altar of Makhleb.
  1983 | D:2      | Became a worshipper of Makhleb the Destroyer
  2262 | D:3      | Found an iron altar of Okawaru.
  2725 | D:4      | Found Urphei's Armour Emporium.
  2884 | D:4      | Found an opulent altar of Gozag.
  2919 | D:4      | Found a staircase to the Ecumenical Temple.
  3084 | D:4      | Reached XP level 6. HP: 56/56 MP: 6/6
  3113 | D:4      | Reached * piety under Makhleb
  3113 | D:4      | Reached skill level 5 in Axes
  3186 | D:4      | Noticed Menkaure
  3230 | D:5      | Entered Level 5 of the Dungeon
  4044 | D:6      | Found a burning altar of Makhleb.
  4047 | D:6      | Reached skill level 4 in Fighting
  4047 | D:6      | Reached XP level 7. HP: 43/64 MP: 7/7
  4079 | D:6      | Got a scorched war axe
  4084 | D:6      | Identified the cursed +0 war axe "Empipte" {protect, +Fly
                  | rC++ rN+ Int-4 Dex+2} (You found it on level 6 of the
                  | Dungeon)
  4110 | D:6      | Found Dukhlire's Assorted Antiques.
  4127 | D:6      | Reached skill level 5 in Armour
  4127 | D:6      | Reached skill level 5 in Shields
  4141 | D:6      | Reached skill level 6 in Axes
  4315 | D:6      | Found a radiant altar of Vehumet.
  4381 | D:6      | Reached XP level 8. HP: 27/73 MP: 8/8
  4427 | D:6      | Reached skill level 7 in Axes
  4494 | D:6      | Reached ** piety under Makhleb
  4674 | D:6      | Reached skill level 6 in Armour
  4674 | D:6      | Reached skill level 6 in Shields
  4685 | D:6      | Reached skill level 5 in Fighting
  4717 | D:6      | Found a shattered altar of Ashenzari.
  5100 | D:7      | Noticed Prince Ribbit
  5215 | D:7      | Reached skill level 8 in Axes
  5273 | D:7      | Killed Prince Ribbit
  5355 | D:7      | Gained mutation: You passively map the area around you.
                  | [Deep Dwarf growth]
  5355 | D:7      | Reached XP level 9. HP: 47/81 MP: 8/8
  5475 | D:7      | Got a vibrating tin ring
  5479 | D:7      | Identified the ring of Ytepum {Wiz rN+} (You found it on
                  | level 7 of the Dungeon)
  5900 | D:7      | Reached skill level 9 in Axes
  6028 | D:8      | Reached skill level 1 in Spellcasting
  6090 | D:7      | Reached skill level 2 in Spellcasting
  6138 | D:8      | Reached skill level 3 in Spellcasting
  6157 | D:8      | Reached skill level 2 in Dodging
  6170 | D:8      | Reached skill level 3 in Dodging
  6238 | D:8      | Reached *** piety under Makhleb
  6238 | D:8      | Reached skill level 4 in Dodging
  6315 | D:8      | Reached skill level 5 in Dodging
  6315 | D:8      | Reached skill level 7 in Armour
  6315 | D:8      | Reached skill level 7 in Shields
  6418 | D:8      | Reached skill level 1 in Evocations
  6666 | D:8      | Found an ornate altar of the Wu Jian Council.
  6697 | D:8      | Reached skill level 2 in Evocations
  6861 | D:8      | Found a shadowy altar of Dithmenos.
  6861 | D:8      | Found a glowing silver altar of Zin.
  6861 | D:8      | Noticed a gargoyle
  6874 | D:8      | Killed a gargoyle
  6874 | D:8      | Reached skill level 3 in Evocations
  6874 | D:8      | Reached XP level 10. HP: 46/91 MP: 13/13
  6880 | D:8      | Found a sparkling altar of Nemelex Xobeh.
  6882 | D:8      | Found an ancient bone altar of Kikubaaqudgha.
  6884 | D:8      | Found a blossoming altar of Fedhas.
  6923 | D:9      | Noticed Grum
  6958 | D:9      | Noticed Maggie
  6997 | D:9      | Noticed a two-headed ogre
  7042 | D:8      | Reached skill level 4 in Evocations
  7062 | D:8      | Killed Grum
  7180 | D:9      | Reached **** piety under Makhleb
  7190 | D:9      | Killed a two-headed ogre
  7190 | D:9      | Reached skill level 8 in Armour
  7190 | D:9      | Reached skill level 8 in Shields
  7190 | D:9      | Reached skill level 6 in Evocations
  7237 | D:9      | Paralysed by a hornet for 1 turns
  7318 | D:9      | Reached skill level 7 in Evocations
  7334 | D:9      | Noticed Joseph
  7357 | D:8      | Reached skill level 2 in Invocations
  7383 | D:9      | Killed Joseph
  7383 | D:9      | Reached skill level 4 in Invocations
  7430 | D:9      | Got a bloodstained chain mail
  7474 | D:8      | Identified the cursed +1 chain mail of Sevel {rF+ Regen+
                  | SInv Stlth+} (You found it on level 9 of the Dungeon)
  7634 | D:9      | Reached skill level 5 in Invocations
  7723 | D:9      | Killed Maggie
  7798 | D:9      | Reached skill level 6 in Invocations
  8002 | D:10     | Entered Level 10 of the Dungeon
  8037 | D:10     | Reached skill level 10 in Axes
  8052 | D:10     | Reached XP level 11. HP: 97/97 MP: 15/15
  8055 | D:10     | Noticed a two-headed ogre
  8067 | D:10     | Killed a two-headed ogre
  8223 | D:10     | Reached skill level 11 in Axes
  8338 | D:10     | Found a staircase to the Lair.
  8439 | D:10     | Reached ***** piety under Makhleb
  9055 | D:11     | Reached skill level 12 in Axes
  9237 | D:11     | You fall into a shaft and drop 3 floors!
  9297 | D:14     | Reached skill level 13 in Axes
  9429 | D:14     | Noticed a seven-headed hydra
  9697 | D:11     | Noticed Harold
  9726 | D:11     | Killed Harold
  9726 | D:11     | Reached skill level 14 in Axes
  9826 | D:11     | Reached XP level 12. HP: 40/104 MP: 16/16
 10334 | Lair:1   | Entered Level 1 of the Lair of Beasts
 10537 | Lair:1   | Reached skill level 6 in Fighting
 11069 | Lair:2   | Reached skill level 7 in Invocations
 11110 | Lair:2   | Reached skill level 8 in Invocations
 11144 | Lair:2   | Reached skill level 9 in Invocations
 11228 | Lair:2   | Reached skill level 10 in Invocations
 11506 | Lair:2   | Reached skill level 7 in Fighting
 11602 | Lair:2   | Found a staircase to the Shoals.
 11707 | Lair:2   | Noticed a seven-headed hydra
 11728 | Lair:2   | Killed a seven-headed hydra
 11729 | Lair:2   | Reached skill level 8 in Fighting
 11828 | Lair:2   | Found a staircase to the Snake Pit.
 12432 | Lair:3   | Reached skill level 9 in Fighting
 12737 | Lair:3   | Reached XP level 13. HP: 121/121 MP: 18/18
 13185 | Lair:4   | Reached ****** piety under Makhleb
 13775 | Lair:4   | Reached skill level 10 in Fighting
 14375 | Lair:5   | Found a staircase to the Slime Pits.
 14486 | Lair:5   | Reached skill level 6 in Dodging
 14745 | Lair:5   | Identified a potion of resistance
 14790 | Lair:5   | Reached skill level 11 in Fighting
 14896 | Lair:6   | Entered Level 6 of the Lair of Beasts
 14977 | Lair:6   | Reached skill level 7 in Dodging
 15013 | Lair:6   | Reached skill level 15 in Axes
 15104 | Lair:6   | Reached skill level 8 in Dodging
 15429 | Lair:6   | Gained mutation: You resist negative energy. (rN+) [Deep
                  | Dwarf growth]
 15429 | Lair:6   | Reached XP level 14. HP: 64/135 MP: 19/19
 15936 | Lair:6   | Reached skill level 9 in Armour
 15944 | Lair:6   | Reached skill level 9 in Shields
 16774 | D:12     | Reached skill level 16 in Axes
 16860 | D:12     | Found a staircase to the Orcish Mines.
 17275 | D:12     | Reached skill level 10 in Armour
 17275 | D:12     | Reached skill level 10 in Shields
 17538 | Orc:1    | Entered Level 1 of the Orcish Mines
 17745 | D:13     | Noticed a tengu reaver
 17749 | D:13     | Noticed a frost giant
 17835 | D:13     | Found a large runed translucent door.
 17835 | D:13     | Found a large runed translucent door.
 17852 | D:13     | Noticed Elus's ghost (journeyman DrCj)
 18059 | Orc:2    | Entered Level 2 of the Orcish Mines
 18202 | Orc:2    | Noticed a stone giant
 18221 | Orc:2    | Killed a stone giant
 18236 | Orc:2    | Found Raept's Antique Weapon Emporium.
 18244 | Orc:2    | Bought a crude war axe for 212 gold pieces
 18244 | Orc:2    | Identified the +10 war axe "Ylitrug" {chaos, rElec Int+6
                  | Dex-4} (You bought it in a shop on level 2 of the Orcish
                  | Mines)
 18387 | Orc:2    | Paralysed by an ogre mage for 4 turns
 18439 | Orc:1    | Reached skill level 11 in Armour
 18439 | Orc:1    | Reached skill level 11 in Shields
 18571 | Orc:2    | Found a staircase to the Elven Halls.
 18670 | Orc:2    | Reached XP level 15. HP: 141/141 MP: 20/20
 18703 | Orc:2    | Found a roughly hewn altar of Beogh.
 18883 | Orc:2    | Found Beetom's Food Boutique.
 18883 | Orc:2    | Found Hugualoo's Antique Weapon Shoppe.
 18892 | Orc:2    | Found Uhareet's Gadget Shoppe.
 18892 | Orc:2    | Found Ytaipyel's Food Shop.
 19365 | Snake:1  | Entered Level 1 of the Snake Pit
 19461 | Snake:1  | Reached skill level 12 in Armour
 19461 | Snake:1  | Reached skill level 12 in Shields
 20303 | Snake:1  | Reached skill level 1 in Polearms
 20322 | Snake:1  | Reached skill level 2 in Polearms
 20611 | Snake:1  | Reached skill level 3 in Polearms
 20843 | Snake:1  | Reached skill level 4 in Polearms
 21243 | Snake:2  | Reached skill level 5 in Polearms
 21473 | Snake:2  | Reached skill level 6 in Polearms
 21942 | Snake:2  | HP: 14/141 [shock serpent/bolt of electricity (14)]
 22000 | Snake:2  | Reached skill level 11 in Invocations
 22281 | Snake:3  | Noticed an Executioner
 22430 | Snake:3  | Reached skill level 7 in Polearms
 22440 | Snake:3  | Got a smoking scale mail
 22455 | Snake:2  | Identified the cursed +0 scale mail "Ikhiph" {rC++ Stlth+}
                  | (You found it on level 3 of the Snake Pit)
 22642 | Snake:3  | Noticed Donald
 22675 | Snake:3  | Killed Donald
 22675 | Snake:3  | Reached skill level 12 in Invocations
 23056 | Snake:3  | Reached skill level 8 in Polearms
 23104 | Snake:3  | Reached XP level 16. HP: 147/150 MP: 19/19
 23282 | Snake:3  | Noticed Aizul
 23322 | Snake:3  | Killed Aizul
 23501 | Snake:4  | Entered Level 4 of the Snake Pit
 23532 | Snake:3  | Reached skill level 9 in Polearms
 23604 | Snake:4  | Reached skill level 9 in Dodging
 24011 | Snake:4  | Found Syrid's Armour Shoppe.
 24180 | Snake:4  | Reached skill level 10 in Polearms
 24772 | Snake:4  | Reached skill level 10 in Dodging
 25080 | Snake:4  | Got a serpentine rune of Zot
 25108 | Snake:4  | Reached skill level 11 in Polearms
 25422 | D:4      | Found Urphei's Armour Emporium.
 25453 | D:4      | Killed Menkaure
 25472 | D:4      | Found a stormy altar of Qazlal.
 25522 | D:4      | Found an opulent altar of Gozag.
 25633 | D:4      | Found a staircase to the Ecumenical Temple.
 26287 | Shoals:1 | Entered Level 1 of the Shoals
 26389 | Shoals:1 | Reached skill level 12 in Fighting
 26968 | Shoals:2 | Reached XP level 17. HP: 153/159 MP: 19/19
 27028 | Shoals:2 | Found Istrupp's Food Boutique.
 27048 | Shoals:2 | Identified a +2 robe of the Archmagi
 27053 | Shoals:2 | Noticed Kirke
 27076 | Shoals:2 | Reached skill level 11 in Dodging
 27203 | Shoals:2 | Killed Kirke
 27488 | Shoals:2 | Noticed Ilsuiw
 27618 | Shoals:2 | Killed Ilsuiw
 28152 | Shoals:2 | Noticed Polyphemus
 28173 | Shoals:2 | Reached skill level 12 in Dodging
 28184 | Shoals:2 | Killed Polyphemus
 28222 | Shoals:3 | Reached skill level 13 in Fighting
 28449 | Shoals:3 | Reached skill level 13 in Invocations
 28794 | Shoals:4 | Entered Level 4 of the Shoals
 28910 | Shoals:4 | Reached skill level 14 in Invocations
 29236 | Shoals:4 | Noticed Louise
 29286 | Shoals:4 | Killed Louise
 29460 | Shoals:4 | Reached skill level 15 in Invocations
 29478 | Shoals:4 | Got a barnacled rune of Zot
 30026 | D:4      | Bought the +2 cloak of Utean {rPois Dex+6} for 536 gold
                  | pieces
 30329 | D:13     | Reached skill level 16 in Invocations
 30456 | D:13     | Found a gate to the Vaults.
 30459 | D:13     | Got a coiled brass ring
 30464 | D:13     | Identified the ring "Osohaf" {+Inv rN++ Str+6 Int+3} (You
                  | found it on level 13 of the Dungeon)
 30689 | D:13     | Found the +0 sword of Power
 30708 | D:13     | Gained mutation: You passively map a large area around you.
                  | [Deep Dwarf growth]
 30708 | D:13     | Reached XP level 18. HP: 171/171 MP: 19/19
 30811 | D:13     | Killed Elus's ghost
 31037 | D:14     | Reached skill level 17 in Invocations
 31087 | D:14     | Found an ornate altar of the Wu Jian Council.
 31404 | D:15     | Entered Level 15 of the Dungeon
 31409 | D:15     | Found Duolao's Magic Scroll Shoppe.
 31410 | D:15     | Identified a +2 robe of resistance
 31410 | D:15     | Noticed Jorgrun
 31433 | D:15     | Killed Jorgrun
 31452 | D:15     | Bought a scroll of blinking for 142 gold pieces
 31550 | D:15     | Found a shattered altar of Ashenzari.
 31756 | D:15     | Reached skill level 18 in Invocations
 32177 | D:15     | Found a staircase to the Depths.
 32808 | Orc:2    | Bought a wand of enslavement (7) for 117 gold pieces
 32808 | Orc:2    | Bought a wand of iceblast (6) for 130 gold pieces
 32808 | Orc:2    | Bought a wand of digging (7) for 286 gold pieces
 32851 | Elf:1    | Entered Level 1 of the Elven Halls
 32875 | Orc:2    | Reached skill level 13 in Shields
 32985 | Elf:1    | Noticed Agnes
 33011 | Elf:1    | Killed Agnes
 33477 | Elf:1    | Found an ancient bone altar of Kikubaaqudgha.
 33633 | Elf:1    | Reached skill level 14 in Shields
 34041 | Elf:1    | Identified the Compendium of Supportive Combat Magic
 34503 | Elf:2    | Reached skill level 15 in Shields
 34556 | Elf:2    | Found Liso's Distillery.
 34675 | Elf:2    | Reached skill level 8 in Evocations
 34687 | Elf:2    | Found a huge runed translucent gate.
 34687 | Elf:2    | Found a huge runed translucent gate.
 34687 | Elf:2    | Found a huge runed translucent gate.
 34687 | Elf:2    | Found a huge runed translucent gate.
 34689 | Elf:2    | Found a huge runed translucent gate.
 35038 | Elf:3    | Entered Level 3 of the Elven Halls
 35132 | Elf:3    | Reached skill level 9 in Evocations
 35149 | Elf:3    | Identified the Guide on Moulding and Summoning
 35265 | Elf:3    | Reached skill level 10 in Evocations
 35283 | Elf:3    | Reached XP level 19. HP: 178/178 MP: 21/21
 35295 | Elf:3    | Found Wamaga Jips's Gadget Emporium.
 35301 | Elf:3    | Bought a wand of iceblast (11) for 255 gold pieces
 35301 | Elf:3    | Bought a wand of disintegration (19) for 391 gold pieces
 36071 | Slime:1  | Entered Level 1 of the Pits of Slime
 36076 | Slime:1  | Gained mutation: You have a pair of small horns on your
                  | head. [a shining eye]
 36077 | Slime:1  | Gained mutation: You are resistant to hostile enchantments.
                  | (MR+) [a shining eye]
 36092 | Lair:5   | Reached skill level 11 in Evocations
 36299 | Vaults:1 | Entered Level 1 of the Vaults
 36473 | Vaults:1 | Reached skill level 12 in Evocations
 36976 | Vaults:1 | Reached skill level 14 in Fighting
 36993 | Vaults:1 | Reached skill level 13 in Armour
 37397 | Vaults:1 | Noticed a lich
 37408 | Vaults:1 | Killed a lich
 37574 | Vaults:1 | Found a runed translucent gate.
 37574 | Vaults:1 | Found a runed translucent gate.
 37575 | Vaults:1 | Found a runed translucent gate.
 37576 | Vaults:1 | Noticed Rov Woulue's ghost (adept MfTm)
 38084 | Vaults:2 | Reached skill level 15 in Fighting
 38247 | Vaults:2 | Reached XP level 20. HP: 193/194 MP: 20/20
 38571 | Vaults:2 | Reached skill level 14 in Armour
 38689 | Vaults:2 | Identified a +2 robe of the Archmagi
 39051 | Vaults:2 | Found Caalioheso's Antique Weapon Emporium.
 39444 | Vaults:3 | Reached skill level 16 in Fighting
 39807 | Vaults:3 | Reached skill level 15 in Armour
 40032 | Vaults:3 | Noticed an ancient lich
 40045 | Vaults:3 | Killed an ancient lich
 40074 | Vaults:3 | Got a translucent battleaxe
 40076 | Vaults:3 | Identified the +7 battleaxe of Unreason {holy, rPois rF+
                  | rN+ Int-3} (You found it on level 3 of the Vaults)
 40174 | Vaults:3 | Reached skill level 17 in Fighting
 40339 | Vaults:3 | Identified the +9 rapier "Pewai" {vorpal, Str-4 Int+3 SInv}
 40546 | Vaults:3 | Found a staircase to the Crypt.
 40681 | Vaults:3 | Reached XP level 21. HP: 208/208 MP: 21/21
 40747 | Vaults:3 | Found a runed translucent gate.
 40747 | Vaults:3 | Found a runed translucent gate.
 40747 | Vaults:3 | Found a runed translucent gate.
 41674 | Vaults:4 | Reached skill level 16 in Armour
 41799 | Vaults:4 | Reached skill level 18 in Fighting
 42917 | Vaults:5 | Entered Level 5 of the Vaults
 43051 | Vaults:4 | Reached skill level 19 in Fighting
 43061 | Vaults:4 | Reached skill level 17 in Armour
 43107 | Vaults:5 | Reached XP level 22. HP: 205/225 MP: 22/22
 43144 | Vaults:5 | Noticed a golden dragon
 43156 | Vaults:5 | Killed a golden dragon
 43336 | Vaults:5 | Found Jouxoal's Jewellery Shoppe.
 43341 | Vaults:5 | Bought the ring "Nosyorchika" {rElec rPois rF+ rN+++ Str-3}
                  | for 752 gold pieces
 43341 | Vaults:5 | Bought the ring of Perfectionism {rF+ rC++ MR+ MP+9} for
                  | 980 gold pieces
 43548 | Vaults:5 | Noticed an ancient lich
 43565 | Vaults:5 | Noticed an ancient lich
 43598 | Vaults:5 | Killed an ancient lich
 43742 | Vaults:5 | Killed an ancient lich
 43784 | Vaults:5 | Got a silver rune of Zot
 43999 | Vaults:5 | Reached skill level 20 in Fighting
 44239 | Vaults:5 | Reached skill level 18 in Armour
 44248 | Vaults:5 | Noticed a golden dragon
 44301 | Vaults:5 | Killed a golden dragon
 44366 | Vaults:5 | Found Fuanwad's Armour Emporium.
 44393 | Vaults:5 | Noticed a golden dragon
 44428 | Vaults:5 | Killed a golden dragon
 45610 | Vaults:5 | Got a brightly glowing bone ring
 45641 | Vaults:5 | Found Paij Fao's Book Emporium.
 45654 | Vaults:5 | Identified the ring "Datial" {*Tele rC+ Int+5} (You found
                  | it on level 5 of the Vaults)
 46423 | Depths:1 | Entered Level 1 of the Depths
 46699 | Depths:1 | Reached XP level 23. HP: 196/238 MP: 19/19
 46828 | D:15     | Bought a scroll of acquirement for 988 gold pieces
 47201 | Depths:1 | Reached skill level 21 in Fighting
 47371 | Depths:1 | Found a gateway to Hell.
 47387 | Depths:1 | Found Begojegg's One-of-a-Kind Books.
 47779 | Depths:2 | Noticed Bai Suzhen
 47812 | Depths:2 | Killed Bai Suzhen
 48329 | Depths:2 | Reached skill level 13 in Evocations
 48334 | Depths:2 | Reached skill level 13 in Dodging
 49057 | Depths:3 | Reached skill level 14 in Evocations
 49432 | Depths:3 | Noticed Mara
 49434 | Depths:3 | Noticed zeramoth's illusion
 49436 | Depths:3 | Killed Mara
 49436 | Depths:3 | Reached skill level 15 in Evocations
 49496 | Depths:3 | Noticed Mennas
 49516 | Depths:3 | Killed Mennas
 49584 | Depths:3 | Reached skill level 16 in Evocations
 49641 | Depths:3 | Found a one-way gate leading to the halls of Pandemonium.
 49968 | Depths:3 | Reached skill level 17 in Evocations
 50493 | Depths:4 | Noticed a caustic shrike
 50504 | Depths:4 | Killed a caustic shrike
 50504 | Depths:4 | Reached skill level 18 in Evocations
 50504 | Depths:4 | Reached XP level 24. HP: 234/249 MP: 19/19
 50521 | Depths:4 | Reached skill level 14 in Dodging
 50527 | Depths:4 | Noticed an ancient lich
 50553 | Depths:4 | Killed an ancient lich
 50758 | Depths:4 | Reached skill level 15 in Dodging
 50778 | Depths:4 | Found a sparkling altar of Nemelex Xobeh.
 50778 | Depths:4 | Found a one-way gate to the infinite horrors of the Abyss.
 51059 | Depths:4 | Found Eriget's Assorted Antiques.
 51059 | Depths:4 | Found Tiuceg's Assorted Antiques.
 51060 | Depths:4 | Found Hamedyzxe's General Store.
 51064 | Depths:4 | Found Siypti's Armour Emporium.
 51080 | Depths:4 | Bought a runed scarf for 280 gold pieces
 51726 | Depths:5 | Entered Level 5 of the Depths
 51726 | Depths:5 | Found a gateway to a ziggurat.
 51776 | Depths:5 | Paralysed by a floating eye for 3 turns
 51798 | Depths:4 | Reached skill level 16 in Dodging
 51798 | Depths:4 | Reached skill level 1 in Stealth
 51847 | Depths:5 | Paralysed by a floating eye for 4 turns
 52372 | D:6      | Bought a scroll of enchant armour for 255 gold pieces
 52372 | D:6      | Bought a scroll of enchant armour for 255 gold pieces
 52699 | Depths:5 | Reached skill level 4 in Spellcasting
 52908 | Depths:5 | Found a gate to the Realm of Zot.
 52915 | Depths:5 | Reached skill level 12 in Polearms
 52915 | Depths:5 | Reached skill level 5 in Spellcasting
 53191 | Depths:5 | Reached skill level 6 in Spellcasting
 53551 | Depths:5 | Paralysed by a floating eye for 3 turns
 53556 | Depths:5 | Paralysed by a floating eye for 3 turns
 53618 | Depths:5 | Paralysed by a floating eye for 4 turns
 53627 | Depths:5 | Paralysed by a floating eye for 4 turns
 53779 | Zot:1    | Entered Level 1 of the Realm of Zot
 53779 | Zot:1    | Noticed an orb of fire
 53782 | Zot:1    | Gained mutation: You are partially covered in icy blue
                  | scales. (AC +2) [an orb of fire]
 53795 | Zot:1    | Gained mutation: Scrolls take you a little longer to read.
                  | [an orb of fire]
 53798 | Zot:1    | Gained mutation: Your magical capacity is low. (-10% MP)
                  | [an orb of fire]
 53800 | Zot:1    | Killed an orb of fire
 53812 | Zot:1    | Reached skill level 13 in Polearms
 53831 | Zot:1    | HP: 19/249 [something (8)]
 53833 | Depths:5 | HP: 6/249 [shadow dragon (8)]
 53834 | Depths:5 | Mangled by a red draconian

Vanquished Creatures
  An orb of fire (Zot:1)
  3 ancient liches
  Mennas (Depths:3)
  Bai Suzhen (Depths:2)
  A caustic shrike (Depths:4)
  5 golden dragons
  A bone dragon (Depths:5)
  4 liches
  3 tentacled monstrosities
  4 titans (Vaults:5)
  A deep elf blademaster (Elf:2)
  Polyphemus (Shoals:2)
  An acid blob (Slime:1)
  Agnes (Elf:1)
  7 sphinxes
  Kirke (Shoals:2)
  6 tengu reavers
  Donald (Snake:3)
  9 storm dragons
  3 shadow dragons
  Ilsuiw (Shoals:2)
  7 nagarajas
  7 fire giants
  A draconian knight (Depths:5)
  6 deep elf sorcerers
  Aizul (Snake:3)
  An iron dragon (Vaults:5)
  2 deep elf elementalists (Vaults:5)
  12 frost giants
  23 vault wardens
  A large abomination (Vaults:3)
  A ghoul (Vaults:5)
  The ghost of Elus the Devastator, a journeyman DrCj of Vehumet (D:13)
  3 war gargoyles
  17 ironheart preservers
  4 spriggan defenders
  14 very ugly things
  A deep elf demonologist (Vaults:4)
  11 stone giants
  A vampire knight (Depths:3)
  4 entropy weavers
  2 deep elf annihilators
  2 green draconians
  2 purple draconians (Depths:5)
  3 black draconians (Depths:5)
  2 red draconians (Depths:5)
  4 spark wasps
  A white draconian (Depths:5)
  14 ettins
  3 deep elf death magi
  11 fire dragons
  7 merfolk impalers
  2 deep elf high priests
  5 great orbs of eyes
  16 yaktaur captains
  4 rakshasas
  26 ogre magi
  11 naga warriors
  A catoblepas (Shoals:2)
  7 ice dragons
  43 vault guards
  Harold (D:11)
  2 spriggan air magi
  4 hydras
  10 centaur warriors
  A merfolk avatar (Shoals:1)
  4 merfolk aquamancers
  13 dancing weapons
  A satyr (Shoals:4)
  12 anacondas
  6 death knights
  77 two-headed ogres
  2 death yaks (Shoals:2)
  8 deep troll shamans
  9 tengu warriors
  A satyr (shapeshifter) (Elf:3)
  12 deep troll earth magi
  A vampire mage (Depths:4)
  7 spriggan berserkers
  6 shock serpents
  15 deep elf knights
  An orc high priest (Orc:2)
  5 hell knights
  7 naga sharpshooters
  2 salamander mystics
  12 skeletal warriors
  A shadow wraith (Vaults:3)
  40 deep trolls
  An iron troll (Depths:4)
  13 sea snakes
  4 flayed ghosts
  6 naga ritualists
  3 wizards
  20 deep elf archers
  6 glowing orange brains
  17 ironbrand convokers
  4 phantasmal warriors
  A harpy (shapeshifter) (Depths:2)
  9 harpies
  13 orc knights
  A tengu skeleton (Vaults:4)
  4 wolf spiders
  12 mana vipers
  7 orc sorcerers
  A wolf spider zombie (D:15)
  13 ugly things
  5 necromancers
  9 fauns
  56 deep elf magi
  14 cyclopes
  10 manticores
  8 salamanders
  10 merfolk sirens
  2 moths of wrath (Zot:1)
  A black mamba (shapeshifter) (Elf:1)
  26 black mambas
  10 elephants
  5 water nymphs
  A guardian serpent (shapeshifter) (Vaults:4)
  14 vault sentinels
  15 naga magi
  A guardian serpent (Snake:2)
  A frost giant skeleton (Depths:1)
  A stone giant skeleton (Depths:1)
  A torpor snail (Lair:5)
  Joseph (D:9)
  22 spiny frogs
  A yaktaur zombie (Vaults:3)
  2 gargoyles
  6 komodo dragons
  A kobold demonologist (D:12)
  A rime drake (Lair:4)
  52 yaktaurs
  3 freezing wraiths
  A spriggan skeleton (Depths:1)
  3 tengu conjurers
  A yaktaur skeleton (Vaults:4)
  A yaktaur (shapeshifter) (Vaults:5)
  2 jumping spiders (shapeshifter)
  9 trolls
  A jumping spider (Vaults:5)
  28 merfolk
  A meliai (shapeshifter) (Vaults:2)
  A tengu simulacrum (Vaults:3)
  6 wind drakes
  11 hornets
  27 blink frogs
  Prince Ribbit (D:7)
  9 hippogriffs
  4 tyrant leeches
  16 slime creatures
  10 snapping turtles
  3 blink frogs (shapeshifter)
  A slime creature (shapeshifter) (Depths:4)
  2 fire giant simulacra (Depths:1)
  11 dream sheep
  A frost giant simulacrum (Vaults:3)
  A tarantella (shapeshifter) (Vaults:3)
  A tarantella (Vaults:5)
  2 redbacks (shapeshifter)
  A vampire (D:10)
  2 shadows (D:11)
  8 redbacks
  43 yaks
  20 water elementals
  5 spriggans
  2 air elementals
  5 wraiths
  3 wyverns
  4 fire elementals
  5 basilisks
  A basilisk (shapeshifter) (Depths:4)
  7 hogs (Shoals:2)
  2 hogs (shapeshifter) (Vaults:2)
  10 vampire mosquitoes
  Grum (D:8)
  A hungry ghost (D:11)
  4 wargs
  Menkaure (D:4)
  47 nagas
  A soldier ant (shapeshifter) (Depths:5)
  2 soldier ants
  4 acid dragons
  14 water moccasins
  28 orc warriors
  12 porcupines
  4 eyes of draining
  7 ice beasts
  6 black bears
  2 sky beasts
  A swamp drake (shapeshifter) (Depths:3)
  A black bear (shapeshifter) (Vaults:4)
  66 ogres
  6 boggarts
  A tengu (shapeshifter) (Vaults:5)
  32 centaurs
  A necrophage (D:10)
  A wolf (shapeshifter) (Vaults:3)
  25 wolves
  13 crocodiles
  28 bullfrogs
  2 big kobolds
  2 earth elementals (Elf:1)
  2 human skeletons
  4 scorpions
  A water moccasin skeleton (D:6)
  2 human simulacra
  An elf simulacrum (Vaults:4)
  5 killer bees (D:10)
  A killer bee (shapeshifter) (Vaults:3)
  3 electric eels
  17 wights
  13 howler monkeys
  8 crimson imps
  A quasit (D:11)
  4 bullfrog zombies
  10 jellies
  3 centaur zombies
  19 orc priests
  25 orc wizards
  4 hounds
  2 bullfrog skeletons
  2 iron imps
  5 centaur skeletons
  5 iguanas
  4 worker ants
  A hound zombie (D:11)
  A hound skeleton (D:8)
  2 worker ant zombies
  4 gnolls (D:10)
  15 adders
  2 shadow imps
  A white imp (Depths:5)
  2 oozes
  An adder zombie (D:5)
  2 adder skeletons
  2 worms
  A worm (shapeshifter) (Elf:1)
  2 dart slugs
  5 leopard geckos
  98 orcs
  4 bats
  7 giant cockroaches
  5 goblins
  9 hobgoblins
  2 jackals (D:7)
  6 quokkas
  4 ball pythons
  3 frilled lizards
  A jackal skeleton (D:4)
  2 jackal zombies (D:6)
  15 kobolds
  2 leopard gecko skeletons (D:4)
  5 rats
  A crawling corpse (Vaults:3)
  6 fungi
  3 plants (Shoals:4)
1954 creatures vanquished.

Vanquished Creatures (collateral kills)
  An ancient lich (Vaults:3)
  Mara (Depths:3)
  Jorgrun (D:15)
  A titan (Vaults:5)
  An acid blob (Lair:5)
  A sphinx (Vaults:3)
  2 deep elf sorcerers
  A fire giant (Vaults:5)
  Louise (Shoals:4)
  A draconian scorcher (Zot:1)
  A stone giant (Orc:2)
  A deep elf annihilator (Vaults:1)
  An ettin (Vaults:3)
  A merfolk impaler (Shoals:1)
  2 hydras
  3 anacondas
  A catoblepas (Vaults:3)
  An alligator snapping turtle (Shoals:2)
  2 satyrs (Shoals:4)
  A centaur warrior (D:15)
  3 two-headed ogres (D:15)
  A shock serpent (Snake:3)
  A naga sharpshooter (Snake:2)
  A deep troll (Vaults:3)
  A naga ritualist (Snake:3)
  An ironbrand convoker (Vaults:1)
  A deep elf mage (Elf:1)
  An orc knight (D:15)
  An elephant (Lair:2)
  A water nymph (Shoals:4)
  A merfolk siren (Shoals:2)
  4 black mambas (Snake:3)
  A vault sentinel (Vaults:3)
  Maggie (D:9)
  A spiny frog (Lair:6)
  A polar bear (Lair:6)
  4 merfolk
  A dream sheep (Shoals:4)
  A blink frog (Lair:2)
  A snapping turtle (Shoals:4)
  A wyvern (D:15)
  2 yaks (Lair:6)
  A basilisk (Lair:6)
  A warg (D:15)
  6 nagas
  A water moccasin (Lair:6)
  An eye of draining (Vaults:3)
  An ogre (Orc:2)
  2 wolves (Lair:6)
  A crocodile (Lair:6)
  2 wights (D:15)
  2 crimson imps (D:15)
  An orc wizard (D:15)
  4 orcs
  5 plants
84 creatures vanquished.

Vanquished Creatures (others)
  A frost giant (Depths:5)
  A fire giant (Depths:3)
  A deep elf mage (Vaults:4)
  An ogre (Depths:1)
  2 boggarts
  A crocodile (Lair:5)
  An orc (Orc:1)
  21 fungi
  81 plants
110 creatures vanquished.

Grand Total: 2148 creatures vanquished

Table legend:
 A = Turns spent in this place as a percentage of turns spent in the entire game.
 B = Non-inter-level travel turns spent in this place as a percentage of non-inter-level travel turns spent in the entire game.
 C = Inter-level travel turns spent in this place as a percentage of turns spent in this place.
 D = Turns resting spent in this place as a percentage of non-inter-level travel turns spent in this place.
 E = Turns spent auto-exploring this place as a percentage of non-inter-level travel turns spent in this place.
 F = Non-inter-level travel turns spent in this place divided by the number of levels of this place that you've seen.
                   A       B       C       D       E      F
               +-------+-------+-------+-------+-------+----------------------
         Total | 100.0 | 100.0 |  10.2 |   2.0 |  57.4 | 1050.7
       Dungeon |  30.7 |  28.9 |  15.4 |   1.4 |  64.0 | 931.8
          Lair |  12.5 |  12.4 |  10.7 |   1.7 |  64.0 | 1002.5
        Shoals |   6.6 |   7.0 |   5.4 |   3.0 |  44.1 | 842.8
     Snake Pit |  11.2 |  11.5 |   8.1 |   3.1 |  53.4 | 1388.0
    Slime Pits |   0.0 |   0.0 |   0.0 |   0.0 |   0.0 |  13.0
  Orcish Mines |   3.3 |   3.3 |  11.5 |   6.3 |  50.9 | 797.0
   Elven Halls |   5.6 |   5.6 |   9.1 |   7.3 |  53.9 | 907.3
        Vaults |  17.3 |  17.9 |   6.9 |   1.2 |  52.3 | 1733.0
        Depths |  12.6 |  13.2 |   6.4 |   0.0 |  58.2 | 1274.2
           Zot |   0.1 |   0.1 |   0.0 |   0.0 |   0.0 |  53.0
               +-------+-------+-------+-------+-------+----------------------

Table legend:
 A = Non-vault XP
 B = Vault XP
 C = Vault XP percentage of total XP
 D = Non-vault monster count
 E = Vault monster count
 F = Vault count percentage of total count
                 A         B        C        D         E       F
            +---------+---------+-------+---------+---------+-------
      Total |  655247 |  463535 |  41.4 |    1456 |     571 |  28.2
            +---------+---------+-------+---------+---------+-------
        D:1 |      28 |       0 |   0.0 |      15 |       0 |   0.0
        D:2 |     111 |      19 |  14.6 |      19 |       3 |  13.6
        D:3 |      85 |       4 |   4.5 |      16 |       2 |  11.1
        D:4 |     437 |     172 |  28.2 |      30 |       1 |   3.2
        D:5 |     153 |       0 |   0.0 |       6 |       0 |   0.0
        D:6 |    1455 |       2 |   0.1 |      30 |       1 |   3.2
        D:7 |    1193 |     277 |  18.8 |      27 |       1 |   3.6
        D:8 |    2840 |     638 |  18.3 |      49 |       5 |   9.3
        D:9 |    1294 |    1394 |  51.9 |      15 |       6 |  28.6
       D:10 |    3443 |    1553 |  31.1 |      33 |      13 |  28.3
       D:11 |    8233 |     960 |  10.4 |      44 |       1 |   2.2
       D:12 |    5910 |     484 |   7.6 |      33 |       7 |  17.5
       D:13 |     885 |   17596 |  95.2 |       6 |      18 |  75.0
       D:14 |   11509 |       0 |   0.0 |      25 |       0 |   0.0
       D:15 |   13681 |    4704 |  25.6 |      49 |       4 |   7.5
     Lair:1 |    1362 |       0 |   0.0 |       7 |       0 |   0.0
     Lair:2 |    8033 |    2237 |  21.8 |      33 |       8 |  19.5
     Lair:3 |    3787 |       0 |   0.0 |      19 |       0 |   0.0
     Lair:4 |    8326 |       0 |   0.0 |      28 |       0 |   0.0
     Lair:5 |    7125 |    2756 |  27.9 |      21 |      14 |  40.0
     Lair:6 |    9389 |    9745 |  50.9 |      50 |      36 |  41.9
   Shoals:1 |    7814 |       0 |   0.0 |      18 |       0 |   0.0
   Shoals:2 |   20527 |   12879 |  38.6 |      49 |      18 |  26.9
   Shoals:3 |    9297 |       0 |   0.0 |      18 |       0 |   0.0
   Shoals:4 |   11496 |   11298 |  49.6 |      29 |      23 |  44.2
    Snake:1 |   12677 |       0 |   0.0 |      26 |       0 |   0.0
    Snake:2 |   15288 |    2005 |  11.6 |      28 |       4 |  12.5
    Snake:3 |   20166 |    2494 |  11.0 |      42 |       2 |   4.5
    Snake:4 |   17655 |   23792 |  57.4 |      26 |      45 |  63.4
    Slime:1 |    2346 |       0 |   0.0 |       1 |       0 |   0.0
      Orc:1 |    4208 |    7286 |  63.4 |      25 |       9 |  26.5
      Orc:2 |    2260 |   15557 |  87.3 |      21 |      55 |  72.4
      Elf:1 |    9884 |   13399 |  57.5 |      20 |      23 |  53.5
      Elf:2 |   13317 |    4353 |  24.6 |      21 |       3 |  12.5
      Elf:3 |   14350 |       0 |   0.0 |      23 |       0 |   0.0
   Vaults:1 |   44728 |   22729 |  33.7 |      82 |      28 |  25.5
   Vaults:2 |   35288 |   25785 |  42.2 |      57 |      46 |  44.7
   Vaults:3 |   25282 |   59187 |  70.1 |      48 |      52 |  52.0
   Vaults:4 |   59784 |   37725 |  38.7 |      92 |      36 |  28.1
   Vaults:5 |   29383 |   95515 |  76.5 |      39 |      59 |  60.2
   Depths:1 |   33341 |      50 |   0.1 |      46 |       1 |   2.1
   Depths:2 |   28142 |   10821 |  27.8 |      33 |       7 |  17.5
   Depths:3 |   54550 |   32135 |  37.1 |      67 |      17 |  20.2
   Depths:4 |   45578 |   22452 |  33.0 |      50 |       8 |  13.8
   Depths:5 |   33360 |   21532 |  39.2 |      34 |      15 |  30.6
      Zot:1 |   15247 |       0 |   0.0 |       6 |       0 |   0.0
            +---------+---------+-------+---------+---------+-------
